 Dungeon Crawl Stone Soup version 0.27.1-34-g3ba077fa99 (webtiles) character file.

Game seed: 16768212377691122596

942 alasdair19 the Slasher (level 7, -6/61 HPs)
             Began as a Minotaur Fighter on Jan 8, 2022.
             Was a Follower of Okawaru.
             Killed by divine providence
             ... invoked by an orc priest
              (11 damage)
             ... on level 5 of the Dungeon.
             The game lasted 00:10:54 (4652 turns).

alasdair19 the Slasher (Minotaur Fighter)           Turns: 4652, Time: 00:10:55

Health: -6/61      AC:  7    Str: 22    XL:     7   Next: 88%
Magic:  6/6        EV:  8    Int:  6    God:    Okawaru [*.....]
Gold:   153        SH: 11    Dex:  9    Spells: 6/6 levels left

rFire    . . .     SeeInvis +   a - +1 long sword
rCold    . . .     Faith    .   c - +1 kite shield
rNeg     . . .     Spirit   .   b - +0 scale mail
rPois    .         Reflect  .   (helmet restricted)
rElec    .         Harm     .   (no cloak)
rCorr    .         Rampage  .   (no gloves)
Will     .....                  (no boots)
Stlth    ..........             (no amulet)
HPRegen  0.20/turn              g - ring of flight
MPRegen  0.10/turn              m - ring of see invisible

@: flying, hasted, very quick
A: horns 2, retaliatory headbutt
a: Renounce Religion, Heroism


You were on level 5 of the Dungeon.
You worshipped Okawaru.
Okawaru was aware of your devotion.
You visited 1 branch of the dungeon, and saw 5 of its levels.
You also visited: Sewer.

You collected 153 gold pieces.

Inventory:

Hand Weapons
 a - a +1 long sword (weapon)
Missiles
 i - 8 boomerangs (quivered)
Armour
 b - a +0 scale mail (worn)
 c - a +1 kite shield (worn)
Jewellery
 g - a ring of flight (left hand)
 m - a ring of see invisible (right hand)
Scrolls
 d - 2 scrolls of enchant weapon
 f - a scroll of amnesia
 j - 2 scrolls of fog
 o - 5 scrolls of teleportation
Potions
 e - 2 potions of haste
 h - 2 potions of attraction {unknown}
 k - 2 potions of mutation {unknown}
 l - 2 potions of curing {unknown}
 n - a potion of might
 p - a potion of cancellation {unknown}
 s - a potion of invisibility {unknown}


   Skills:
 + Level 5.4 Fighting
 + Level 7.4 Long Blades
 + Level 0.4 Throwing
 + Level 6.2 Armour
 - Level 0.1 Dodging
 + Level 6.1 Shields


You had 6 spell levels left.
You didn't know any spells.
Your spell library was empty.

Dungeon Overview and Level Annotations

Branches:
Dungeon (5/15)             Temple (0/1) D:4           Sewer (visited)

Altars:
Okawaru
Trog
Uskayaw

Shops:
D:5 *


Innate Abilities, Weirdness & Mutations

You have a pair of horns on your head.
You reflexively headbutt those who attack you in melee.


Message History

The jackal bites you but does no damage.
The orc wizard hits you but does no damage.
You miss the orc wizard. Your headbutt misses the orc wizard.
The orc wizard is severely wounded.
The jackal bites you but does no damage.
The orc wizard gestures at you while chanting.
The puff of flame hits you!
You hit the orc wizard.
You kill the orc wizard!
Okawaru accepts your kill.
You feel less confused. The jackal completely misses you.
The orc priest hits you but does no damage.
The jackal bites you.
* * * LOW HITPOINT WARNING * * *
Your Shields skill increases to level 6!
You hit the orc priest.
The orc priest is lightly wounded.
The jackal bites you but does no damage.
The orc priest calls down the wrath of Beogh upon you.
You struggle to resist.
The jackal barely misses you.
You riposte.
You hit the jackal but do no damage.
The jackal is severely wounded.
You block the orc priest's attack.
You barely miss the orc priest.
The orc priest is lightly wounded.
You block the jackal's attack.
The orc priest invokes the aid of Beogh against you.
Beogh smites you!
* * * LOW HITPOINT WARNING * * *
The jackal bites you but does no damage.
It was a potion of haste.
You feel yourself speed up.
The jackal bites you but does no damage.
The orc priest hits you but does no damage.
You barely miss the orc priest.
The orc priest is lightly wounded.
The jackal bites you but does no damage.
The orc priest calls down the wrath of Beogh upon you.
Beogh smites you!
You die...

####### #.....#
################'###.###
.#.....o@.....#....)#....
.'.....h).<...#.8.8.#....
'##.######....#..∩..#....
# #....#.8.8.#...#
.....#.....#...#
########+###....
##......... #..........
#....###'##


You could see an orc priest and a jackal.

Vanquished Creatures
  Menkaure (D:5)
  2 ogres
  A black bear (D:4)
  A kobold brigand (D:4)
  A scorpion (D:5)
  2 hounds (D:5)
  A centaur skeleton (D:4)
  An orc priest (D:3)
  Natasha (thrice) (D:4)
  An orc wizard (D:5)
  A howler monkey skeleton (D:4)
  7 adders
  2 river rats (Sewer)
  A shadow imp (D:4)
  3 worms
  2 dart slugs
  6 orcs
  7 endoplasms
  5 giant cockroaches
  8 goblins
  5 hobgoblins
  9 jackals
  7 kobolds
  8 quokkas
  9 ball pythons
  3 bats
  10 frilled lizards
  15 rats
122 creatures vanquished.

Notes
Turn   | Place    | Note
-------+----------+-------------------------------------------
     0 | D:1      | alasdair19 the Minotaur Fighter began the quest for the
                  | Orb.
     0 | D:1      | Reached XP level 1. HP: 19/19 MP: 0/0
   258 | D:1      | Reached XP level 2. HP: 27/27 MP: 1/1
   408 | D:1      | Reached skill level 3 in Long Blades
   622 | D:2      | Reached XP level 3. HP: 33/33 MP: 2/2
   623 | D:2      | Found a hide-covered altar of Uskayaw.
  1135 | D:2      | Found a faded altar of an unknown god.
  1740 | D:3      | Reached XP level 4. HP: 14/40 MP: 3/3
  1949 | D:3      | Reached skill level 4 in Long Blades
  2638 | D:4      | Found an iron altar of Okawaru.
  2640 | D:4      | Noticed Natasha
  2645 | D:4      | Killed Natasha
  2646 | D:4      | Reached XP level 5. HP: 37/47 MP: 4/4
  2649 | D:4      | Became a worshipper of Warmaster Okawaru
  2654 | D:4      | Noticed Natasha
  2673 | D:4      | Killed Natasha
  2855 | D:4      | Reached skill level 5 in Armour
  2903 | D:4      | Noticed Natasha
  2908 | D:4      | Killed Natasha
  2909 | D:4      | Reached skill level 5 in Long Blades
  2931 | D:4      | Found a glowing drain.
  2942 | Sewer    | Entered a sewer
  3192 | Sewer    | Reached XP level 6. HP: 49/53 MP: 5/5
  3625 | D:4      | Reached skill level 5 in Shields
  3796 | D:4      | Reached * piety under Okawaru
  3797 | D:4      | Reached skill level 6 in Long Blades
  3874 | D:5      | Entered Level 5 of the Dungeon
  3874 | D:5      | Found Sihutos's General Store.
  3876 | D:5      | Reached skill level 5 in Fighting
  3876 | D:5      | Reached XP level 7. HP: 9/61 MP: 6/6
  4141 | D:5      | Noticed Menkaure
  4153 | D:5      | Killed Menkaure
  4160 | D:5      | Reached skill level 7 in Long Blades
  4277 | D:5      | Found a bloodstained altar of Trog.
  4445 | D:4      | Found a staircase to the Ecumenical Temple.
  4652 | D:5      | Killed from afar by an orc priest

Illustrated notes

Levels and vault maps discovered:
D:1:      mrwooster_arrival_statue_2, layout_basic
D:2:      layout_basic, basic_altar, ebering_ecumenical_altar_webs,
          minivault_14, kennysheep_generic_room_15
D:3:      layout_rooms
D:4:      layout_rooms, old_standard_altar, minmay_temple_entry_statues_pillars,
          gup_sewer_entry_pipe, uniq_natasha
D:5:      layout_gridville, mainiacjoe_overflow_surrounded_room, serial_shops,
          nicolae_shop_crystal, kennysheep_little_box, uniq_menkaure

Skill      XL: |  1  2  3  4  5  6  7 |
---------------+----------------------+-----
Armour         | 4 5 6 |  6.2
Fighting       | 4 5 |  5.4
Long Blades    | 3 4 5 6 7 |  7.4
Shields        | 4 5 6 |  6.1
Throwing       | |  0.4
Dodging        | |  0.1

Action                   |  1- 3 |  4- 6 |  7- 9 || total
-------------------------+-------+-------+-------++-------
Melee: Long sword        |   101 |   133 |    47 ||   281
       Headbutt          |    14 |    31 |     9 ||    54
       Unarmed           |       |    12 |       ||    12
Throw: Boomerang         |       |     2 |       ||     2
  Use: Scroll            |       |     8 |     1 ||     9
       Potion            |       |     1 |     1 ||     2
Armor: Scale mail        |    37 |    37 |    32 ||   106
Dodge: Dodged            |    19 |    51 |    21 ||    91
Block: Kite shield       |    41 |    75 |    25 ||   141
       Rpst.: Long sword |     2 |     9 |     5 ||    16
